 Dungeon Sprint DCSS version 0.17-a0-72-gd614ac0 (webtiles) character file.

462627 BluebellGnoll the Naga Aeon (level 19, 189/189 HPs)
             Began as a Naga Fighter on Mar 13, 2015.
             Was the Champion of Cheibriados.
             Escaped with the Orb!
             The game lasted 01:08:18 (8196 turns).

BluebellGnoll the Naga Aeon (Naga Fighter)          Turns: 8196, Time: 01:08:18

Health: 189/189    AC: 42    Str: 45    XL:     19   Next: 21%
Magic:  32/41      EV:  7    Int: 26    God:    Cheibriados [******]
Gold:   0          SH: 42    Dex: 42    Spells: 6 memorised, 7 levels left

rFire  + + .     SeeInvis +     H - +14 obsidian axe {chop, +Fly Str+3 SInv Curse} (curse)
rCold  + + +     Clarity  .     I - +15 Maxwell's patent armour {-Cast -Tele rElec MR+ rCorr}
rNeg   + + .     SustAb   .     J - +18 shield of the gong {rElec rN+ MR+ EV-5}
rPois  +         Gourm    .     M - +0 mask of the Dragon {MR+ Slay+3 SInv}
rElec  +         Spirit   .     L - +2 cloak {MR+}
rCorr  +         Warding  .     b - +1 pair of gloves {Str+3}
rMut   .         NoTele   +     (no barding)
MR     +++++     NoCast   +     Q - amulet "Korphiut" {rCorr rElec rC+++ rN+ Stlth-}
Stlth  ..........               P - +5 ring of slaying
                                p - +6 ring of dexterity

@: mighty, agile, resistant, flying, very slightly contaminated, invisible, very
slow, almost entirely resistant to hostile enchantments, extremely unstealthy
A: constrict 1, horns 1, see invisible, breathe poison, deformed body, fire
resistance 1, frail 1, mutation resistance 1, poison resistance, slowness 2,
wild magic 1, forlorn, AC +6
a: Breathe Poison Gas, Bend Time, Temporal Distortion, Slouch, Step From Time,
Renounce Religion, Stop Flying
0: Orb of Zot


You escaped.
You worshipped Cheibriados.
Cheibriados was exalted by your worship.
You were not hungry.

You visited 1 branch

Inventory:

Hand weapons
 H - the cursed +14 obsidian axe (weapon) {chop, +Fly Str+3 SInv Curse}
   (You found it in the Dungeon)

   It inflicts extra damage upon your enemies.
   It affects your strength (+3).
   It enhances your eyesight.
   It lets you fly.
   It may re-curse itself when equipped.
   It has a curse placed upon it.
 S - the +7 war axe of Fear {elec, rElec rPois Stlth+}
   (You found it in the Dungeon)

   Occasionally, upon striking a foe, it will discharge some electrical energy
   and cause terrible harm.
   It insulates you from electricity.
   It protects you from poison.
   It makes you more stealthy.
Missiles
 u - 2 throwing nets (quivered)
 V - 41 javelins
Armour
 b - a +1 pair of gloves of strength (worn)
 E - a +5 gold dragon armour
 I - the +15 Maxwell's patent armour (worn) {-Cast -Tele rElec MR+ rCorr}
   (You found it in the Dungeon)

   It insulates you from electricity.
   It affects your resistance to hostile enchantments.
   It prevents spellcasting.
   It prevents most forms of teleportation.
   It protects you from acid and corrosion.
 J - the +18 shield of the gong (worn) {rElec rN+ MR+ EV-5}
   (You found it in the Dungeon)

   It affects your evasion (-5).
   It insulates you from electricity.
   It protects you from negative energy.
   It affects your resistance to hostile enchantments.
 L - a +2 cloak of magic resistance (worn)
 M - the +0 mask of the Dragon (worn) {MR+ Slay+3 SInv}
   (You found it in the Dungeon)

   It affects your accuracy and damage with ranged weapons and melee attacks
   (+3).
   It affects your resistance to hostile enchantments.
   It enhances your eyesight.
Rods
 G - a +3 rod of clouds (12/12)
   (You took it off a naga in the Dungeon)
Jewellery
 p - a +6 ring of dexterity (left hand)
 s - the ring "Roneita Rale" {Ice +Inv MR- Str+10 Slay+3}
   (You took it off a vampire in the Dungeon)

   [ring of ice]

   It enhances your ice magic, and weakens your fire magic.
   It affects your strength (+10).
   It affects your accuracy and damage with ranged weapons and melee attacks
   (+3).
   It makes you vulnerable to fire.
   It protects you from cold.
   It affects your resistance to hostile enchantments.
   It lets you turn invisible.
 w - the amulet of Order {Faith Dex+3 SInv}
   (You took it off a naga warrior in the Dungeon)

   [amulet of faith]

   It allows you to gain divine favour quickly.
   It affects your dexterity (+3).
   It enhances your eyesight.
 P - a +5 ring of slaying (right hand)
 Q - the amulet "Korphiut" (around neck) {rCorr rElec rC+++ rN+ Stlth-}
   (You found it in the Dungeon)

   [amulet of resist corrosion]

   It protects you from acid and corrosion.
   It renders you almost immune to cold.
   It insulates you from electricity.
   It protects you from negative energy.
   It makes you less stealthy.
 R - the ring of Clypissuhy {Fire rN+ MR+ Int+2}
   (You found it in the Dungeon)

   [ring of fire]

   It enhances your fire magic, and weakens your ice magic.
   It affects your intelligence (+2).
   It protects you from fire.
   It makes you vulnerable to cold.
   It protects you from negative energy.
   It affects your resistance to hostile enchantments.
 W - an uncursed amulet of clarity
 Y - the amulet of Khiess {rMut +Blink MR- Str+4}
   (You took it off a green draconian in the Dungeon)

   [amulet of resist mutation]

   It protects you from mutation.
   It affects your strength (+4).
   It affects your resistance to hostile enchantments.
   It lets you blink.
Magical devices
 l - a wand of disintegration (7)
 m - a wand of fire (1)
 n - a wand of cold (3)
 o - a wand of draining (5)
Scrolls
 k - 4 scrolls of blinking
 t - 4 scrolls of recharging
 v - 8 scrolls of fog
 x - 5 scrolls of identify
 y - 2 scrolls of remove curse
 z - 2 scrolls of fear
Potions
 e - a potion of might
 f - 9 potions of curing
 g - 9 potions of heal wounds
 i - 5 potions of magic
 B - a potion of invisibility
 C - 2 potions of restore abilities
 D - a potion of resistance
Miscellaneous
 a - a disc of storms
 c - an ornate deck of defence {drawn: 2}
 h - a plain deck of summoning
 j - a fan of gales
 A - a stone of tremors
 K - a lamp of fire
 N - 5 phantom mirrors
 O - a box of beasts
 T - a sack of spiders
 U - a phial of floods
 X - an ornate deck of defence {drawn: 1}
 Z - a plain deck of destruction {drawn: 2}
Comestibles
 d - 5 bread rations
 q - 40 fruits
 r - a meat ration


   Skills:
 - Level 22.4 Fighting
 - Level 22.4 Axes
 + Level 21.2 Armour
 O Level 27 Shields
 O Level 27 Invocations
 - Level 22.3 Evocations


You had 7 spell levels left.
You knew the following spells:

 Your Spells              Type           Power        Failure   Level  Hunger
a - Apportation           Tloc           #.........   45%         1    ##.....
b - Blink                 Tloc           N/A          63%         2    ###....
c - Regeneration          Chrm/Necr      #.........   93%         3    ####...
d - Shroud of Golubria    Chrm/Tloc      #.........   63%         2    ###....
e - Infusion              Chrm           #.....       45%         1    ##.....
f - Song of Slaying       Chrm           #.......     63%         2    ###....


Dungeon Overview and Level Annotations

Branches:
Dungeon (1/1)

Altars:
Ashenzari
Cheibriados
Dithmenos
Elyvilon
Fedhas
Gozag
Kikubaaqudgha
Makhleb
Nemelex Xobeh
Okawaru
Qazlal
Ru
Sif Muna
Trog
Vehumet
Xom
Yredelemnul
Zin
The Shining One
Beogh
Jiyva
Lugonu


Innate Abilities, Weirdness & Mutations

You cannot wear boots.
You can use your snake-like lower body to constrict enemies.
Your serpentine skin is tough (AC +6).
You have supernaturally acute eyesight.
Armour fits poorly on your strangely shaped body.
Your system is resistant to poisons.
You cover ground very slowly.
You have a pair of small horns on your head.
You can exhale a cloud of poison.
Your flesh is heat resistant.
You are frail (-10% HP).
You are somewhat resistant to further mutation.
Your spells are a little harder to cast, but a little more powerful.
You have difficulty communicating with the divine.


Message History

Your Armour skill increases to level 21!
Your lamp of fire has recharged.
You destroy your fire elemental!
You feel somewhat more hungry.
Unknown command.
Unknown command.
There is a staircase leading out of the dungeon here.
Drink which item? (? for menu, Esc to quit)
You feel agile all of a sudden.
Drink which item? (? for menu, Esc to quit)
You feel very mighty all of a sudden.
Drink which item? (? for menu, Esc to quit)
You feel protected.
Drink which item? (? for menu, Esc to quit)
You fade into invisibility!
You are very lightly contaminated with residual magic.
Use which ability? (? or * to list)
You feel very buoyant.
You fly up into the air.
You feel somewhat more hungry.
You have escaped!

............▓..▓.......▓..▓...8©8
............▓.▓▓▓.....▓▓▓.▓..)|=:
............▓..▓.......▓..▓...):)
............▓.............▓...)).
...)........▓.............▓......
............▓▓▓▓▓▓▓▓▓▓▓▓▓▓▓......
............▓8888.88888888▓......
▓..)....▓...▓8...........8▓......
..).........▓8..@.....)..8▓....).
............▓8..)........8▓....(.
..).........▓8888888888888▓▓▓▓▓▓▓
▓▓▓▓▓▓▓▓▓▓▓▓▓▓▓▓▓▓▓▓▓▓▓▓▓▓▓▓▓▓▓▓▓
.....8©8........▓........8©8.....
):)=:\)|:)})))).▓..|.}[)[.)[:)[}[
=?[:}.)")}.)|=).▓.!)).)))||[:.)::
.!):)||)}):}[.=.▓.)[[:..}.):[:}))
................▓.......}.::.....


There were no monsters in sight!

Vanquished Creatures
  4 greater mummies (D)
  3 pandemonium lords (D)
  A bone dragon (D)
  4 pearl dragons (D)
  A Hell Sentinel (D)
  2 hellephants (D)
  An Orb Guardian (D)
  A titan (shapeshifter) (D)
  A quicksilver dragon (shapeshifter) (D)
  3 tentacled starspawn (D)
  2 quicksilver dragons (D)
  A kraken (D)
  An acid blob (shapeshifter) (D)
  A draconian monk (D)
  A revenant (D)
  11 greater nagas (D)
  2 daevas (D)
  2 orc warlords (D)
  2 draconian scorchers (D)
  A ghost moth (shapeshifter) (D)
  2 fire giants (D)
  A balrug (D)
  3 emperor scorpions (D)
  An iron dragon (D)
  A cacodemon (D)
  4 angels (D)
  A stone giant (shapeshifter) (D)
  5 stone giants (D)
  3 ophanim (D)
  2 grey draconians (D)
  2 reapers (D)
  3 apis (D)
  2 black draconians (D)
  A dire elephant (shapeshifter) (D)
  A mottled draconian (D)
  2 white draconians (D)
  12 merfolk javelineers (D)
  2 crystal guardians (D)
  2 mummy priests (D)
  A jiangshi (D)
  A minotaur (shapeshifter) (D)
  6 merfolk impalers (D)
  A fire dragon (shapeshifter) (D)
  An ice dragon (D)
  10 naga warriors (D)
  An anaconda (shapeshifter) (D)
  An alligator snapping turtle (shapeshifter) (D)
  An alligator snapping turtle (D)
  2 merfolk aquamancers (D)
  A hydra (shapeshifter) (D)
  A ghost crab (shapeshifter) (D)
  A satyr (D)
  7 anacondas (D)
  A shock serpent (shapeshifter) (D)
  4 iron golems (D)
  2 sun demons (D)
  An iron troll (shapeshifter) (D)
  3 soul eaters (D)
  2 wretched stars (D)
  A giant orange brain (D)
  A skeletal warrior (D)
  An unseen horror (shapeshifter) (D)
  A deep troll (shapeshifter) (D)
  2 cherubim (D)
  3 ice devils (D)
  A fire crab (shapeshifter) (D)
  2 death drakes (shapeshifter) (D)
  A death drake (D)
  A hill giant (D)
  2 sea snakes (D)
  A shadow wraith (D)
  A harpy (D)
  3 swamp dragons (shapeshifter) (D)
  14 large abominations (D)
  4 orc knights (D)
  An orb spider (shapeshifter) (D)
  2 phantasmal warriors (D)
  3 griffons (D)
  A shining eye (shapeshifter) (D)
  A flayed ghost (D)
  A harpy (shapeshifter) (D)
  4 anubis guards (D)
  2 hornets (shapeshifter) (D)
  3 ugly things (D)
  5 mana vipers (D)
  An orc sorcerer (D)
  A griffon (shapeshifter) (D)
  2 mana vipers (shapeshifter) (D)
  2 draconians (shapeshifter) (D)
  An elephant (shapeshifter) (D)
  2 water nymphs (D)
  4 cyclopes (D)
  4 worldbinders (D)
  A siren (D)
  13 guardian serpents (D)
  2 moths of wrath (shapeshifter) (D)
  An eye of devastation (shapeshifter) (D)
  A moth of wrath (D)
  5 orange demons (D)
  A torpor snail (shapeshifter) (D)
  2 smoke demons (D)
  3 rust devils (D)
  2 water elementals (D)
  2 hellions (D)
  7 naga magi (D)
  7 black mambas (D)
  3 fire elementals (D)
  3 tormentors (D)
  2 komodo dragons (shapeshifter) (D)
  2 fire drakes (D)
  2 demonic crawlers (D)
  An ancient zyme (D)
  An efreet (D)
  2 freezing wraiths (D)
  A yaktaur (shapeshifter) (D)
  2 hellwings (D)
  2 guardian mummies (D)
  A jumping spider (shapeshifter) (D)
  3 red devils (D)
  10 merfolk (D)
  3 raiju (D)
  2 blue devils (D)
  3 trolls (D)
  A wind drake (shapeshifter) (D)
  A merfolk (shapeshifter) (D)
  A wind drake (D)
  A troll (shapeshifter) (D)
  A giant leech (shapeshifter) (D)
  A spriggan (D)
  2 snapping turtles (D)
  12 starcursed masses (D)
  5 air elementals (D)
  A basilisk (shapeshifter) (D)
  4 flying skulls (D)
  A tarantella (D)
  A tarantella (shapeshifter) (D)
  6 shadows (D)
  A hungry ghost (D)
  2 neqoxecs (D)
  4 wraiths (D)
  3 ynoxinuls (D)
  6 chaos spawn (D)
  A redback (shapeshifter) (D)
  4 vampires (D)
  2 fire bats (shapeshifter) (D)
  2 wyverns (D)
  2 steam dragons (D)
  A mottled dragon (D)
  9 nagas (D)
  A human (D)
  3 insubstantial wisps (D)
  A wolf (D)
  A porcupine (shapeshifter) (D)
  3 orc warriors (D)
  13 water moccasins (D)
  An ice beast (D)
  2 sky beasts (shapeshifter) (D)
  A swamp drake (D)
  2 eyes of draining (D)
  3 necrophages (D)
  A phantom (D)
  2 black bears (D)
  A crocodile (shapeshifter) (D)
  2 brain worms (D)
  A spectral basilisk (D)
  3 earth elementals (D)
  A scorpion (D)
  A wight (D)
  6 iron imps (D)
  A jelly (D)
  A quasit (D)
  An orc wizard (D)
  7 small abominations (D)
  16 mummies (D)
  An adder (D)
  A river rat (shapeshifter) (D)
  3 shadow imps (D)
  4 white imps (D)
  2 giant mites (D)
  13 ufetubi (D)
  5 adder zombies (D)
  5 adder skeletons (D)
  An ooze (D)
  9 orcs (D)
  5 ball pythons (D)
  3 bat skeletons (D)
  6 bat zombies (D)
  A goblin (shapeshifter) (D)
  A goblin (D)
  A hobgoblin (D)
  A ball python zombie (D)
  2 giant cockroach zombies (D)
  2 giant gecko skeletons (D)
  A jackal simulacrum (D)
  A lurking horror (D)
  A quokka skeleton (D)
  2 quokka zombies (D)
  A spectral jackal (D)
  5 starspawn tentacles (D)
  A starspawn tentacle segment (D)
  6 tentacles (D)
546 creatures vanquished.

Vanquished Creatures (collateral kills)
  A Brimstone Fiend (D)
  An Orb Guardian (D)
  2 krakens (D)
  A fire giant (shapeshifter) (D)
  A grey draconian (D)
  A green draconian (D)
  A mummy priest (D)
  A naga warrior (D)
  An anaconda (D)
  A thrashing horror (D)
  A hell hog (D)
  A wretched star (D)
  A putrid demonspawn (D)
  A wizard (D)
  A cherub (D)
  A water elemental (D)
  A wolf spider (shapeshifter) (D)
  A draconian (shapeshifter) (D)
  A large abomination (D)
  2 elephants (shapeshifter) (D)
  A hornet (shapeshifter) (D)
  A shining eye (D)
  2 black mambas (D)
  3 naga magi (D)
  2 orange demons (D)
  A smoke demon (D)
  A queen bee (shapeshifter) (D)
  A guardian mummy (D)
  A raven (shapeshifter) (D)
  2 snapping turtles (D)
  A shadow (D)
  A hippogriff (shapeshifter) (D)
  3 nagas (D)
  4 water moccasins (D)
  A spider (shapeshifter) (D)
  An earth elemental (D)
  A jelly (shapeshifter) (D)
  A spectral steam dragon (D)
  A mummy (D)
  A spectral adder (D)
  An adder skeleton (D)
  An adder zombie (D)
  A spectral bat (D)
  A bat skeleton (D)
  A bat zombie (D)
  4 ball pythons (D)
  A jackal zombie (D)
  A spectral giant gecko (D)
  A tentacle (D)
64 creatures vanquished.

Vanquished Creatures (others)
  An iron dragon (shapeshifter) (D)
  A soul eater (D)
  A sun demon (D)
  2 ice devils (D)
  A deep troll (shapeshifter) (D)
  2 large abominations (D)
  14 water elementals (D)
  3 sixfirhies (D)
  An orange demon (D)
  2 earth elementals (D)
  3 neqoxecs (D)
  A chaos spawn (D)
  A small abomination (D)
  A shadow imp (D)
  A white imp (D)
  5 ufetubi (D)
  5 starspawn tentacles (D)
  173 starspawn tentacle segments (D)
  32 tentacles (D)
  802 tentacle segments (D)
1052 creatures vanquished.

Grand Total: 1662 creatures vanquished

Notes
Turn   | Place    | Note
--------------------------------------------------------------
     0 | D        | BluebellGnoll, the Naga Fighter, began the quest for the Orb.
     0 | D        | Reached XP level 1. HP: 21/21 MP: 1/1
     0 | D        | Found a viscous altar of Jiyva.
     0 | D        | Found a corrupted altar of Lugonu.
     0 | D        | Found a white marble altar of Elyvilon.
     2 | D        | Found a sparkling altar of Nemelex Xobeh.
     2 | D        | Found a burning altar of Makhleb.
     2 | D        | Found a deep blue altar of Sif Muna.
     3 | D        | Found a bloodstained altar of Trog.
     6 | D        | Found an iron altar of Okawaru.
    17 | D        | Found a radiant altar of Vehumet.
    18 | D        | Found a basalt altar of Yredelemnul.
    18 | D        | Found a shimmering altar of Xom.
    25 | D        | Reached skill level 6 in Armour
    25 | D        | Reached XP level 2. HP: 28/28 MP: 2/2
    76 | D        | Became a worshipper of Cheibriados the Contemplative
    86 | D        | Entered arena 1.
    86 | D        | Noticed an eye of draining
    91 | D        | Killed an eye of draining
    91 | D        | Reached XP level 3. HP: 33/40 MP: 0/3
    91 | D        | Reached XP level 4. HP: 39/48 MP: 0/4
   130 | D        | Entered arena 2.
   130 | D        | Noticed a phantom
   130 | D        | Noticed a necrophage
   130 | D        | Noticed a necrophage
   132 | D        | Killed a necrophage
   132 | D        | Reached skill level 8 in Fighting
   132 | D        | Reached XP level 5. HP: 50/58 MP: 5/5
   133 | D        | Killed a necrophage
   133 | D        | Acquired Cheibriados' first power
   133 | D        | Reached skill level 9 in Fighting
   133 | D        | Reached XP level 6. HP: 55/69 MP: 6/6
   135 | D        | Killed a phantom
   206 | D        | Entered arena 3.
   206 | D        | Noticed a tarantella
   206 | D        | Noticed a scorpion
   208 | D        | Killed a tarantella
   208 | D        | Reached XP level 7. HP: 74/78 MP: 6/15
   208 | D        | Killed a scorpion
   209 | D        | Acquired Cheibriados' second power
   224 | D        | Got the ring "Tykk" {rElec Slay+3}
   229 | D        | Identified the Guide on Talismans (You found it in the Dungeon)
   232 | D        | Entered arena 4.
   232 | D        | Noticed a black bear
   232 | D        | Noticed a wolf
   232 | D        | Noticed a black bear
   232 | D        | Noticed a spriggan
   234 | D        | Killed a spriggan
   235 | D        | Killed a black bear
   235 | D        | Acquired Cheibriados' third power
   235 | D        | Killed a wolf
   235 | D        | Reached skill level 5 in Evocations
   235 | D        | Reached XP level 8. HP: 84/86 MP: 9/20
   239 | D        | Killed a black bear
   239 | D        | Acquired Cheibriados' fourth power
   252 | D        | Got the cursed ring "Zeacomioli" {rF+ MP+9 Int+3 Dex-6}
   254 | D        | Entered arena 5.
   254 | D        | Noticed a merfolk
   254 | D        | Noticed a merfolk
   254 | D        | Noticed a merfolk
   254 | D        | Noticed a merfolk
   254 | D        | Noticed a merfolk
   257 | D        | Killed a merfolk
   257 | D        | Reached skill level 10 in Invocations
   258 | D        | Killed a merfolk
   258 | D        | Reached skill level 11 in Invocations
   258 | D        | Killed a merfolk
   258 | D        | Reached XP level 9. HP: 59/93 MP: 14/23
   263 | D        | Killed a merfolk
   263 | D        | Reached skill level 12 in Invocations
   264 | D        | Killed a merfolk
   264 | D        | Reached skill level 10 in Evocations
   421 | D        | Entered arena 6.
   421 | D        | Noticed a water moccasin
   421 | D        | Noticed a naga
   421 | D        | Noticed a naga
   423 | D        | Killed a water moccasin
   423 | D        | Reached skill level 10 in Fighting
   425 | D        | Killed a naga
   426 | D        | Killed a naga
   440 | D        | Entered arena 7.
   440 | D        | Noticed a water moccasin
   440 | D        | Noticed a black mamba
   440 | D        | Noticed a naga
   440 | D        | Noticed a water moccasin
   440 | D        | Noticed a black mamba
   441 | D        | Killed a black mamba
   441 | D        | Killed a water moccasin
   441 | D        | Killed a black mamba
   441 | D        | Reached skill level 10 in Axes
   441 | D        | Killed a water moccasin
   441 | D        | Killed a naga
   467 | D        | Entered arena 8.
   467 | D        | Noticed a fire drake
   467 | D        | Noticed a steam dragon
   467 | D        | Noticed a wyvern
   467 | D        | Noticed a steam dragon
   467 | D        | Noticed a fire drake
   467 | D        | Noticed a wyvern
   467 | D        | Noticed a mottled dragon
   468 | D        | Killed a wyvern
   468 | D        | Reached XP level 10. HP: 102/106 MP: 25/25
   468 | D        | Killed a fire drake
   468 | D        | Killed a fire drake
   468 | D        | Killed a steam dragon
   468 | D        | Killed a wyvern
   470 | D        | Killed a steam dragon
   470 | D        | Killed a mottled dragon
   489 | D        | Learned a level 1 spell: Apportation
   492 | D        | Learned a level 2 spell: Blink
   523 | D        | Entered arena 9.
   523 | D        | Noticed a wind drake
   523 | D        | Noticed an air elemental
   523 | D        | Noticed an air elemental
   523 | D        | Noticed an insubstantial wisp
   523 | D        | Noticed an air elemental
   523 | D        | Noticed an air elemental
   523 | D        | Noticed an insubstantial wisp
   523 | D        | Noticed an air elemental
   524 | D        | Killed an air elemental
   524 | D        | Killed an air elemental
   524 | D        | Killed an air elemental
   524 | D        | Reached skill level 13 in Fighting
   524 | D        | Killed an air elemental
   524 | D        | Killed an air elemental
   524 | D        | Killed an insubstantial wisp
   524 | D        | Killed an insubstantial wisp
   528 | D        | Killed a wind drake
   538 | D        | Got the amulet "Gaoxuiwy" {Ward -Tele rElec rN+ Str+4}
   548 | D        | Entered arena 10.
   548 | D        | Noticed an iron imp
   548 | D        | Noticed an iron imp
   548 | D        | Noticed a raiju
   548 | D        | Noticed a quasit
   548 | D        | Noticed a ynoxinul
   549 | D        | Killed a quasit
   551 | D        | Killed a ynoxinul
   553 | D        | Killed an iron imp
   554 | D        | Killed an iron imp
   560 | D        | Killed a raiju
   569 | D        | Got the ring of Clozacvi {Int+6 Dex+3 Slay-3}
   574 | D        | Got the amulet "Korphiut" {rCorr rElec rC+++ rN+ Stlth-}
   581 | D        | Got the ring of Clypissuhy {Fire rN+ MR+ Int+2}
   583 | D        | Identified Sheih's Volume of Hexes and Shape Shifting (You found it in the Dungeon)
   584 | D        | Got the +7 war axe of Fear {elec, rElec rPois Stlth+}
   603 | D        | Entered arena 11.
   603 | D        | Noticed a fire giant
   603 | D        | Noticed a cyclops
   603 | D        | Noticed a troll
   603 | D        | Noticed a troll
   603 | D        | Noticed a cyclops
   603 | D        | Noticed a fire giant
   603 | D        | Noticed a troll
   603 | D        | Noticed a hill giant
   604 | D        | Noticed a stone giant
   604 | D        | Noticed a cyclops
   608 | D        | Killed a hill giant
   608 | D        | Reached skill level 14 in Invocations
   608 | D        | Reached XP level 11. HP: 114/118 MP: 21/27
   608 | D        | Killed a troll
   608 | D        | Killed a troll
   609 | D        | Killed a fire giant
   609 | D        | Reached skill level 16 in Invocations
   611 | D        | Killed a troll
   612 | D        | Killed a cyclops
   613 | D        | Killed a cyclops
   613 | D        | Reached skill level 17 in Invocations
   613 | D        | Killed a stone giant
   613 | D        | Reached skill level 18 in Invocations
   614 | D        | Killed a fire giant
   616 | D        | Killed a cyclops
   616 | D        | Reached skill level 19 in Invocations
   768 | D        | Entered arena 12.
   768 | D        | Noticed an angel
   768 | D        | Noticed a pearl dragon
   768 | D        | Noticed an apis
   768 | D        | Noticed a daeva
   768 | D        | Noticed a cherub
   768 | D        | Noticed a cherub
   769 | D        | Noticed an ophan
   769 | D        | Noticed an angel
   771 | D        | Killed a cherub
   771 | D        | Killed an angel
   771 | D        | Reached XP level 12. HP: 82/127 MP: 21/32
   771 | D        | Killed a cherub
   771 | D        | Killed an angel
   772 | D        | Killed a pearl dragon
   772 | D        | Killed an ophan
   773 | D        | Killed an apis
   774 | D        | Killed a daeva
   914 | D        | Entered arena 13.
   914 | D        | Noticed a mottled draconian
   914 | D        | Noticed a red draconian monk
   914 | D        | Noticed a white draconian
   915 | D        | Noticed a grey draconian
   915 | D        | Noticed a black draconian
   915 | D        | Noticed a green draconian scorcher
   915 | D        | Noticed a black draconian
   915 | D        | Noticed a grey draconian
   915 | D        | Noticed a yellow draconian scorcher
   915 | D        | Noticed a white draconian
   915 | D        | Noticed a grey draconian
   918 | D        | Noticed a green draconian
   918 | D        | Killed a red draconian monk
   919 | D        | Killed a mottled draconian
   919 | D        | Reached XP level 13. HP: 130/136 MP: 29/32
   920 | D        | Killed a green draconian scorcher
   922 | D        | Killed a white draconian
   924 | D        | Killed a grey draconian
   924 | D        | Reached skill level 15 in Fighting
   924 | D        | Reached skill level 15 in Axes
   925 | D        | Killed a black draconian
   926 | D        | Killed a grey draconian
   928 | D        | Killed a grey draconian
   931 | D        | Killed a yellow draconian scorcher
   934 | D        | Killed a white draconian
   934 | D        | Killed a black draconian
   936 | D        | Killed a green draconian
   947 | D        | Got the amulet of Khiess {rMut +Blink MR- Str+4}
  1077 | D        | Entered arena 14.
  1077 | D        | Noticed a swamp dragon
  1077 | D        | Noticed a red ugly thing
  1077 | D        | Noticed a komodo dragon
  1078 | D        | Noticed a lindwurm
  1078 | D        | Noticed a green ugly thing
  1078 | D        | Noticed a white ugly thing
  1078 | D        | Noticed a snapping turtle
  1078 | D        | Noticed a shining eye
  1079 | D        | Noticed an anaconda
  1080 | D        | a lindwurm changed into an octopode
  1080 | D        | a swamp dragon changed into a boring beetle
  1081 | D        | an anaconda changed into a griffon
  1081 | D        | Killed a shining eye
  1082 | D        | Noticed a neqoxec
  1083 | D        | Killed a komodo dragon
  1083 | D        | a snapping turtle changed into a manticore
  1083 | D        | Killed a neqoxec
  1084 | D        | Killed a red ugly thing
  1085 | D        | Noticed a ghost moth
  1085 | D        | a six-headed hydra changed into a ghost moth
  1086 | D        | Killed a white ugly thing
  1087 | D        | Killed a white ugly thing
  1090 | D        | a ghost moth changed into a fire dragon
  1097 | D        | Reached skill level 20 in Invocations
  1123 | D        | Gained mutation: You are frail (-10% HP). [mutagenic meat]
  1145 | D        | Identified the Incunabulum of the Helpful Voyage (You found it in the Dungeon)
  1195 | D        | Entered arena 15.
  1195 | D        | Noticed an earth elemental
  1195 | D        | Noticed a quicksilver dragon
  1195 | D        | Noticed an iron dragon
  1195 | D        | Noticed a stone giant
  1195 | D        | Noticed a stone giant
  1196 | D        | Noticed an iron golem
  1196 | D        | Noticed an iron golem
  1196 | D        | Noticed an earth elemental
  1196 | D        | Noticed an iron golem
  1196 | D        | Noticed a crystal guardian
  1197 | D        | Noticed a crystal guardian
  1197 | D        | Noticed a quicksilver dragon
  1198 | D        | Noticed an iron golem
  1198 | D        | Killed a quicksilver dragon
  1198 | D        | Killed a quicksilver dragon
  1198 | D        | Reached XP level 14. HP: 97/133 MP: 28/34
  1199 | D        | Killed a crystal guardian
  1199 | D        | Killed a stone giant
  1199 | D        | Killed a stone giant
  1199 | D        | Killed a crystal guardian
  1199 | D        | Reached skill level 21 in Invocations
  1199 | D        | Reached skill level 15 in Evocations
  1200 | D        | Noticed an earth elemental
  1200 | D        | Killed an earth elemental
  1200 | D        | Killed an earth elemental
  1202 | D        | Killed an iron dragon
  1203 | D        | Killed an iron golem
  1207 | D        | Killed an iron golem
  1208 | D        | Killed an earth elemental
  1210 | D        | Killed an iron golem
  1213 | D        | Killed an iron golem
  1426 | D        | Entered arena 16.
  1434 | D        | Noticed an anubis guard
  1434 | D        | Noticed an anubis guard
  1435 | D        | Noticed a flying skull
  1435 | D        | Noticed a greater mummy
  1435 | D        | Noticed a greater mummy
  1435 | D        | Noticed a flying skull
  1436 | D        | Noticed an anubis guard
  1436 | D        | Killed a flying skull
  1436 | D        | Killed a flying skull
  1437 | D        | Killed an anubis guard
  1437 | D        | Killed an anubis guard
  1437 | D        | Killed an anubis guard
  1441 | D        | Killed a greater mummy
  1446 | D        | Killed a greater mummy
  1471 | D        | Learned a level 3 spell: Regeneration
  1474 | D        | Learned a level 2 spell: Shroud of Golubria
  1476 | D        | Learned a level 1 spell: Infusion
  1479 | D        | Learned a level 2 spell: Song of Slaying
  1695 | D        | Entered arena 17.
  1703 | D        | Noticed a skeletal warrior
  1703 | D        | Noticed an ice beast
  1704 | D        | Noticed an ice dragon
  1704 | D        | Noticed a freezing wraith
  1705 | D        | Noticed a shadow
  1708 | D        | Noticed a blue devil
  1708 | D        | Killed an ice beast
  1708 | D        | Killed a skeletal warrior
  1709 | D        | Noticed an ice devil
  1710 | D        | Killed a freezing wraith
  1710 | D        | Reached skill level 22 in Invocations
  1711 | D        | Killed an ice dragon
  1713 | D        | Killed a shadow
  1718 | D        | Killed a blue devil
  1721 | D        | Killed an ice devil
  1768 | D        | Entered arena 18.
  1777 | D        | Noticed a greater mummy
  1777 | D        | Noticed a greater mummy
  1778 | D        | Noticed an emperor scorpion
  1778 | D        | Noticed an emperor scorpion
  1778 | D        | Noticed an emperor scorpion
  1778 | D        | Noticed a mummy priest
  1778 | D        | Noticed a guardian mummy
  1778 | D        | Noticed an anubis guard
  1779 | D        | Noticed a guardian mummy
  1780 | D        | Noticed a mummy priest
  1780 | D        | Killed a guardian mummy
  1780 | D        | Killed a guardian mummy
  1781 | D        | Killed an anubis guard
  1781 | D        | Killed a mummy priest
  1781 | D        | Reached skill level 23 in Invocations
  1782 | D        | Killed an emperor scorpion
  1782 | D        | Killed an emperor scorpion
  1782 | D        | Killed an emperor scorpion
  1783 | D        | Noticed an emperor scorpion
  1783 | D        | Noticed an emperor scorpion
  1783 | D        | Noticed an emperor scorpion
  1783 | D        | Noticed an emperor scorpion
  1783 | D        | Killed a mummy priest
  1783 | D        | Reached XP level 15. HP: 48/140 MP: 20/36
  1785 | D        | Killed a greater mummy
  1785 | D        | Reached skill level 24 in Invocations
  1786 | D        | Noticed a mummy priest
  1787 | D        | Killed a greater mummy
  1787 | D        | Reached skill level 25 in Invocations
  1789 | D        | Noticed a guardian mummy
  1794 | D        | Killed a mummy priest
  1796 | D        | Killed a guardian mummy
  2138 | D        | Entered arena 19.
  2149 | D        | Noticed an ophan
  2149 | D        | Noticed a daeva
  2150 | D        | Noticed a pearl dragon
  2150 | D        | Noticed an angel
  2150 | D        | Noticed an apis
  2151 | D        | Noticed an apis
  2151 | D        | Noticed a pearl dragon
  2151 | D        | Noticed an ophan
  2153 | D        | Killed an angel
  2154 | D        | Killed an ophan
  2154 | D        | Killed a pearl dragon
  2154 | D        | Killed a pearl dragon
  2154 | D        | Reached skill level 15 in Shields
  2154 | D        | Killed an ophan
  2155 | D        | Killed a daeva
  2155 | D        | Killed an apis
  2155 | D        | Killed an apis
  2156 | D        | Noticed a pearl dragon
  2157 | D        | Noticed a cherub
  2161 | D        | HP: 6/140 [pearl dragon/blast of cleansing flame (32)]
  2163 | D        | Killed a pearl dragon
  2168 | D        | Killed a cherub
  2493 | D        | Entered arena 20.
  2502 | D        | Noticed a moth of wrath
  2502 | D        | Noticed a stone giant
  2502 | D        | Noticed an orc wizard
  2502 | D        | Noticed an orc knight
  2502 | D        | Noticed an orc knight
  2502 | D        | Noticed an orc warlord
  2503 | D        | Noticed an orc knight
  2503 | D        | Noticed an orc knight
  2503 | D        | Noticed an orc warlord
  2504 | D        | Noticed an orc sorcerer
  2504 | D        | Noticed an orc warrior
  2504 | D        | Killed an orc wizard
  2505 | D        | Noticed an orc warrior
  2505 | D        | Killed a moth of wrath
  2505 | D        | Killed an orc warrior
  2505 | D        | Killed an orc sorcerer
  2506 | D        | Noticed a stone giant
  2506 | D        | Killed an orc knight
  2506 | D        | Killed an orc knight
  2506 | D        | Killed an orc knight
  2506 | D        | Killed an orc knight
  2506 | D        | Killed an orc warrior
  2507 | D        | Killed a stone giant
  2508 | D        | Killed an orc warlord
  2509 | D        | Noticed an orc warrior
  2509 | D        | Killed an orc warlord
  2509 | D        | Reached XP level 16. HP: 114/152 MP: 23/38
  2514 | D        | Killed a stone giant
  2515 | D        | Killed an orc warrior
  2527 | D        | Got a ring of the Octopus King {SustAb AC+1 EV+1 Str+1 Int+1 Dex+1}
  2621 | D        | Entered arena 21.
  2621 | D        | Noticed a vampire
  2625 | D        | Noticed a flying skull
  2625 | D        | Noticed a tormentor
  2625 | D        | Noticed a wraith
  2625 | D        | Noticed a wight
  2625 | D        | Noticed a wraith
  2625 | D        | Killed a vampire
  2626 | D        | Noticed a tormentor
  2626 | D        | Noticed a balrug
  2626 | D        | Noticed a flayed ghost
  2627 | D        | Killed a tormentor
  2627 | D        | Killed a wight
  2627 | D        | Killed a tormentor
  2627 | D        | Killed a flying skull
  2628 | D        | Noticed a reaper
  2628 | D        | Noticed a hellion
  2628 | D        | Noticed a phantasmal warrior
  2629 | D        | Noticed a wraith
  2629 | D        | Killed a wraith
  2629 | D        | Killed a wraith
  2629 | D        | Killed a flayed ghost
  2630 | D        | Killed a phantasmal warrior
  2630 | D        | Killed a balrug
  2630 | D        | Reached skill level 26 in Invocations
  2630 | D        | Killed a hellion
  2630 | D        | Killed a wraith
  2632 | D        | Killed a reaper
  2640 | D        | Got the ring "Roneita Rale" {Ice +Inv MR- Str+10 Slay+3}
  2686 | D        | Entered arena 22.
  2697 | D        | Noticed a naga
  2697 | D        | Noticed a greater naga
  2698 | D        | Noticed an anaconda
  2698 | D        | Noticed an anaconda
  2698 | D        | Noticed a greater naga
  2698 | D        | Noticed an anaconda
  2698 | D        | Noticed a guardian serpent
  2698 | D        | Noticed a water moccasin
  2698 | D        | Noticed a water moccasin
  2698 | D        | Noticed a guardian serpent
  2698 | D        | Noticed a water moccasin
  2699 | D        | Noticed a water moccasin
  2699 | D        | Noticed a naga warrior
  2699 | D        | Noticed a guardian serpent
  2699 | D        | Killed an anaconda
  2699 | D        | Killed a naga
  2700 | D        | Noticed a guardian serpent
  2700 | D        | Noticed an anaconda
  2700 | D        | Killed an anaconda
  2700 | D        | Killed a naga warrior
  2700 | D        | Killed an anaconda
  2701 | D        | Noticed an anaconda
  2701 | D        | Noticed an anaconda
  2701 | D        | Noticed a naga mage
  2701 | D        | Killed a naga mage
  2701 | D        | Killed a guardian serpent
  2701 | D        | Killed a water moccasin
  2702 | D        | Noticed an anaconda
  2702 | D        | Killed a greater naga
  2702 | D        | Reached skill level 27 in Invocations
  2702 | D        | Killed a guardian serpent
  2703 | D        | Killed an anaconda
  2703 | D        | Killed a water moccasin
  2703 | D        | Killed an anaconda
  2705 | D        | Killed an anaconda
  2705 | D        | Killed a guardian serpent
  2706 | D        | Killed a guardian serpent
  2707 | D        | Killed an anaconda
  2707 | D        | Killed a greater naga
  2708 | D        | Noticed a naga
  2708 | D        | Noticed a black mamba
  2708 | D        | Killed a water moccasin
  2708 | D        | Killed a water moccasin
  2709 | D        | Noticed a water moccasin
  2709 | D        | Noticed a naga
  2709 | D        | Noticed a naga
  2710 | D        | Noticed a greater naga
  2710 | D        | Noticed a greater naga
  2710 | D        | Noticed a naga warrior
  2710 | D        | Killed a black mamba
  2711 | D        | Noticed a naga warrior
  2711 | D        | Noticed a greater naga
  2711 | D        | Killed a water moccasin
  2712 | D        | Noticed a naga mage
  2713 | D        | Noticed a naga mage
  2713 | D        | Killed a naga
  2714 | D        | Killed a naga
  2716 | D        | Killed a greater naga
  2719 | D        | Killed a greater naga
  2719 | D        | Killed a greater naga
  2719 | D        | Killed a naga warrior
  2720 | D        | Killed a naga
  2721 | D        | Killed a naga mage
  2721 | D        | Killed a naga mage
  2723 | D        | Killed a naga warrior
  2928 | D        | Entered arena 23.
  2928 | D        | Noticed a vampire
  2931 | D        | Killed a vampire
  2946 | D        | Noticed a small abomination
  2946 | D        | Noticed a worldbinder
  2947 | D        | Noticed a jelly
  2947 | D        | Noticed an iron imp
  2947 | D        | Noticed a large abomination
  2947 | D        | Noticed a chaos spawn
  2947 | D        | Noticed a worldbinder
  2947 | D        | Noticed a worldbinder
  2949 | D        | Noticed a small abomination
  2949 | D        | Noticed Phojuele the pandemonium lord
  2949 | D        | Noticed a large abomination
  2949 | D        | Noticed a tentacled starspawn
  2950 | D        | Noticed a hungry ghost
  2950 | D        | Noticed a reaper
  2950 | D        | Noticed a starcursed mass
  2950 | D        | Noticed a large abomination
  2950 | D        | Noticed a rust devil
  2950 | D        | Killed a worldbinder
  2950 | D        | Killed a worldbinder
  2950 | D        | Killed a worldbinder
  2950 | D        | Killed a jelly
  2950 | D        | Killed an iron imp
  2950 | D        | Killed a small abomination
  2951 | D        | Noticed an angel
  2951 | D        | Killed a small abomination
  2951 | D        | Killed a chaos spawn
  2951 | D        | Killed a large abomination
  2951 | D        | Killed a rust devil
  2951 | D        | Killed a hungry ghost
  2951 | D        | Killed a large abomination
  2953 | D        | Noticed a large abomination
  2954 | D        | Noticed a shadow wraith
  2954 | D        | Noticed a small abomination
  2954 | D        | Noticed a worldbinder
  2954 | D        | Killed a tentacled starspawn
  2955 | D        | Noticed a hellion
  2955 | D        | Killed Phojuele the pandemonium lord
  2956 | D        | Noticed a wretched star
  2956 | D        | Killed a small abomination
  2956 | D        | Killed a worldbinder
  2956 | D        | Killed a reaper
  2956 | D        | Killed a starcursed mass
  2956 | D        | Killed a starcursed mass
  2956 | D        | Killed a large abomination
  2957 | D        | Noticed a large abomination
  2957 | D        | Killed an angel
  2957 | D        | Killed a shadow wraith
  2957 | D        | Killed a starcursed mass
  2957 | D        | Killed a hellion
  2958 | D        | Killed a large abomination
  2959 | D        | Noticed a wretched star
  2959 | D        | Noticed a brain worm
  2959 | D        | Killed a large abomination
  2959 | D        | Killed a wretched star
  2959 | D        | Killed a brain worm
  2960 | D        | Noticed a large abomination
  2963 | D        | Noticed a hell hog
  2964 | D        | Killed a wretched star
  2965 | D        | Noticed a large abomination
  2965 | D        | Killed a hell hog
  2966 | D        | Noticed a tentacled starspawn
  2966 | D        | Killed a large abomination
  2967 | D        | Noticed a large abomination
  2968 | D        | Killed a large abomination
  2970 | D        | Killed a large abomination
  2971 | D        | Killed a tentacled starspawn
  2973 | D        | Noticed an iron imp
  2975 | D        | Killed an iron imp
  3249 | D        | Entered arena 24.
  3264 | D        | Noticed a merfolk javelineer
  3264 | D        | Noticed a merfolk impaler
  3264 | D        | Noticed a satyr
  3264 | D        | Noticed a merfolk aquamancer
  3264 | D        | Noticed a merfolk javelineer
  3264 | D        | Noticed a snapping turtle
  3264 | D        | Noticed a merfolk javelineer
  3265 | D        | Noticed a cyclops
  3265 | D        | Noticed a merfolk
  3265 | D        | Noticed an alligator snapping turtle
  3265 | D        | Noticed a merfolk javelineer
  3265 | D        | Noticed a merfolk aquamancer
  3265 | D        | Noticed a merfolk impaler
  3266 | D        | Noticed a snapping turtle
  3266 | D        | Noticed a merfolk impaler
  3266 | D        | Noticed a merfolk javelineer
  3266 | D        | Noticed a siren
  3266 | D        | Noticed a merfolk javelineer
  3266 | D        | Noticed a water elemental
  3266 | D        | Noticed a merfolk javelineer
  3266 | D        | Noticed a merfolk javelineer
  3266 | D        | Noticed a griffon
  3266 | D        | Noticed a snapping turtle
  3266 | D        | Noticed a water nymph
  3266 | D        | Noticed a merfolk
  3267 | D        | Noticed a merfolk javelineer
  3267 | D        | Killed a merfolk
  3267 | D        | Killed a water elemental
  3267 | D        | Killed a water nymph
  3267 | D        | Reached XP level 17. HP: 148/167 MP: 34/39
  3267 | D        | Killed a siren
  3268 | D        | Noticed a sea snake
  3268 | D        | Killed a merfolk javelineer
  3268 | D        | Killed a merfolk aquamancer
  3268 | D        | Killed a griffon
  3268 | D        | Killed a merfolk javelineer
  3268 | D        | Killed a merfolk javelineer
  3268 | D        | Killed a merfolk javelineer
  3268 | D        | Killed a merfolk javelineer
  3268 | D        | Killed a merfolk
  3268 | D        | Killed a merfolk javelineer
  3268 | D        | Killed a cyclops
  3268 | D        | Killed a merfolk javelineer
  3268 | D        | Killed a merfolk impaler
  3268 | D        | Killed a satyr
  3268 | D        | Killed a merfolk impaler
  3269 | D        | Noticed a merfolk javelineer
  3269 | D        | Noticed a griffon
  3269 | D        | Noticed a water nymph
  3269 | D        | Noticed a sea snake
  3269 | D        | Killed a sea snake
  3269 | D        | Killed a merfolk impaler
  3269 | D        | Killed a merfolk javelineer
  3269 | D        | Killed a merfolk javelineer
  3270 | D        | Noticed a griffon
  3270 | D        | Noticed a kraken
  3271 | D        | Noticed a merfolk impaler
  3272 | D        | Noticed a merfolk
  3272 | D        | Killed a sea snake
  3272 | D        | Killed a water nymph
  3272 | D        | Killed a merfolk aquamancer
  3273 | D        | Killed an alligator snapping turtle
  3274 | D        | Noticed a merfolk impaler
  3274 | D        | Killed a griffon
  3275 | D        | Killed a griffon
  3275 | D        | Killed a kraken
  3275 | D        | Noticed a merfolk
  3276 | D        | Noticed a merfolk javelineer
  3276 | D        | Noticed a merfolk javelineer
  3276 | D        | Noticed a snapping turtle
  3276 | D        | Noticed a merfolk
  3276 | D        | Noticed a merfolk impaler
  3277 | D        | Killed a merfolk impaler
  3277 | D        | Killed a merfolk impaler
  3279 | D        | Killed a merfolk
  3279 | D        | Killed a merfolk javelineer
  3281 | D        | Noticed a kraken
  3281 | D        | Killed a merfolk
  3281 | D        | Killed a merfolk
  3282 | D        | Killed a snapping turtle
  3282 | D        | Killed a merfolk javelineer
  3282 | D        | Killed a merfolk javelineer
  3283 | D        | Killed a merfolk impaler
  3288 | D        | Killed a snapping turtle
  3288 | D        | Killed a snapping turtle
  3293 | D        | Noticed a harpy
  3295 | D        | Killed a snapping turtle
  3296 | D        | Killed a harpy
  3326 | D        | Killed a kraken
  3354 | D        | Noticed a kraken
  3369 | D        | Killed a kraken
  3664 | D        | Entered arena 25.
  3677 | D        | Noticed a raiju
  3682 | D        | Killed a raiju
  3685 | D        | Noticed a death drake
  3686 | D        | Noticed a demonic crawler
  3686 | D        | Noticed an ancient zyme
  3686 | D        | Noticed a wretched star
  3686 | D        | Noticed an eye of draining
  3686 | D        | Noticed a large abomination
  3686 | D        | Noticed a large abomination
  3687 | D        | Noticed a small abomination
  3688 | D        | Noticed an iron imp
  3688 | D        | Noticed a ynoxinul
  3688 | D        | Noticed a smoke demon
  3688 | D        | Noticed a giant orange brain
  3689 | D        | Noticed a tentacled starspawn
  3689 | D        | Killed a death drake
  3690 | D        | Noticed a hellwing
  3690 | D        | Killed a large abomination
  3690 | D        | Killed a demonic crawler
  3691 | D        | Noticed an orange demon
  3691 | D        | Killed a small abomination
  3691 | D        | Killed an iron imp
  3692 | D        | Noticed a brain worm
  3692 | D        | Noticed a wizard
  3692 | D        | Killed a large abomination
  3693 | D        | Killed an ancient zyme
  3693 | D        | Killed a smoke demon
  3693 | D        | Killed a ynoxinul
  3693 | D        | Killed a hellwing
  3693 | D        | Killed a brain worm
  3694 | D        | Noticed an orange demon
  3694 | D        | Noticed a smoke demon
  3694 | D        | Noticed an iron imp
  3696 | D        | Killed an eye of draining
  3696 | D        | Killed a tentacled starspawn
  3697 | D        | Noticed an efreet
  3697 | D        | Noticed a smoke demon
  3697 | D        | Killed a wizard
  3698 | D        | Noticed a chaos spawn
  3698 | D        | Noticed a small abomination
  3698 | D        | Killed an orange demon
  3699 | D        | Killed a wretched star
  3699 | D        | Reached skill level 15 in Armour
  3699 | D        | Killed a giant orange brain
  3699 | D        | Killed a smoke demon
  3700 | D        | Noticed a hellephant
  3700 | D        | Killed an iron imp
  3701 | D        | Noticed a chaos spawn
  3701 | D        | Killed a small abomination
  3702 | D        | Noticed a flying skull
  3702 | D        | Noticed a starcursed mass
  3702 | D        | Noticed an orange demon
  3702 | D        | Noticed a large abomination
  3703 | D        | Killed an efreet
  3704 | D        | Noticed a revenant
  3704 | D        | Noticed a tormentor
  3704 | D        | Killed a chaos spawn
  3705 | D        | Noticed a large abomination
  3705 | D        | Noticed a small abomination
  3705 | D        | Killed a smoke demon
  3706 | D        | Noticed a starcursed mass
  3706 | D        | Noticed a starcursed mass
  3706 | D        | Noticed a large abomination
  3706 | D        | Noticed a small abomination
  3706 | D        | Noticed a bone dragon
  3706 | D        | Noticed a chaos spawn
  3706 | D        | Noticed a large abomination
  3706 | D        | Noticed a raiju
  3706 | D        | Killed an orange demon
  3706 | D        | Killed a large abomination
  3706 | D        | Killed a flying skull
  3708 | D        | Killed a small abomination
  3708 | D        | Killed a starcursed mass
  3708 | D        | Killed a chaos spawn
  3708 | D        | Killed a tormentor
  3708 | D        | Killed a starcursed mass
  3708 | D        | Killed a starcursed mass
  3708 | D        | Killed a starcursed mass
  3708 | D        | Killed a starcursed mass
  3708 | D        | Killed a starcursed mass
  3708 | D        | Killed a small abomination
  3709 | D        | Noticed a neqoxec
  3709 | D        | Killed an orange demon
  3710 | D        | Killed a chaos spawn
  3710 | D        | Killed a neqoxec
  3710 | D        | Killed a large abomination
  3710 | D        | Killed a raiju
  3710 | D        | Killed a starcursed mass
  3710 | D        | Killed a starcursed mass
  3710 | D        | Killed a starcursed mass
  3710 | D        | HP: 6/167 [bone dragon (15)]
  3713 | D        | Killed a large abomination
  3713 | D        | Killed a large abomination
  3715 | D        | Killed a hellephant
  3716 | D        | Killed a revenant
  3716 | D        | Killed a bone dragon
  3742 | D        | Noticed a thrashing horror
  3746 | D        | Killed a thrashing horror
  3746 | D        | Reached XP level 18. HP: 42/174 MP: 19/40
  3941 | D        | Got the ring "Craus" {Str+4 Dex+2 SInv}
  4139 | D        | Entered arena 26.
  4155 | D        | Noticed a naga
  4156 | D        | Noticed a guardian serpent
  4156 | D        | Noticed a water moccasin
  4156 | D        | Noticed a water moccasin
  4156 | D        | Noticed a naga warrior
  4156 | D        | Noticed a black mamba
  4156 | D        | Noticed a water moccasin
  4156 | D        | Noticed a guardian serpent
  4156 | D        | Noticed a guardian serpent
  4156 | D        | Noticed a greater naga
  4156 | D        | Noticed a guardian serpent
  4157 | D        | Noticed a black mamba
  4157 | D        | Noticed a naga mage
  4157 | D        | Noticed a naga warrior
  4157 | D        | Noticed a naga mage
  4158 | D        | Killed a naga warrior
  4158 | D        | Killed a naga mage
  4158 | D        | Killed a black mamba
  4158 | D        | Killed a naga
  4159 | D        | Noticed a greater naga
  4159 | D        | Noticed a naga warrior
  4159 | D        | Noticed a guardian serpent
  4159 | D        | Killed a naga warrior
  4159 | D        | Killed a black mamba
  4160 | D        | Noticed a greater naga
  4160 | D        | Killed a water moccasin
  4161 | D        | Killed a water moccasin
  4161 | D        | Killed a greater naga
  4161 | D        | Killed a water moccasin
  4162 | D        | Noticed a water moccasin
  4162 | D        | Noticed a naga
  4162 | D        | Killed a guardian serpent
  4162 | D        | Killed a guardian serpent
  4162 | D        | Killed a guardian serpent
  4163 | D        | Noticed a naga mage
  4163 | D        | Noticed a black mamba
  4163 | D        | Noticed a naga warrior
  4163 | D        | Killed a guardian serpent
  4164 | D        | Noticed a naga
  4164 | D        | Killed a guardian serpent
  4165 | D        | Noticed a black mamba
  4165 | D        | Noticed a guardian serpent
  4166 | D        | Noticed a water moccasin
  4166 | D        | Noticed a water moccasin
  4166 | D        | Noticed a water moccasin
  4166 | D        | Noticed an anaconda
  4166 | D        | Noticed a greater naga
  4166 | D        | Noticed a naga warrior
  4166 | D        | Killed a water moccasin
  4167 | D        | Noticed a greater naga
  4167 | D        | Killed a greater naga
  4167 | D        | Killed a naga warrior
  4168 | D        | Noticed a greater naga
  4168 | D        | Noticed a naga mage
  4168 | D        | Noticed a naga
  4168 | D        | Killed a naga
  4168 | D        | Killed a naga
  4169 | D        | Killed a greater naga
  4169 | D        | Killed a black mamba
  4170 | D        | Noticed a guardian serpent
  4171 | D        | Noticed a water moccasin
  4171 | D        | Noticed a black mamba
  4171 | D        | Noticed a water moccasin
  4171 | D        | Noticed a guardian serpent
  4171 | D        | Killed a naga mage
  4171 | D        | Killed a greater naga
  4171 | D        | Killed a water moccasin
  4171 | D        | Killed a water moccasin
  4171 | D        | Killed a water moccasin
  4171 | D        | Killed a black mamba
  4171 | D        | Killed a water moccasin
  4171 | D        | Killed a naga
  4172 | D        | Killed a greater naga
  4172 | D        | Killed a black mamba
  4173 | D        | Noticed a naga warrior
  4173 | D        | Killed a greater naga
  4173 | D        | Killed a guardian serpent
  4173 | D        | Killed a naga mage
  4174 | D        | Killed a water moccasin
  4174 | D        | Killed a naga mage
  4175 | D        | Noticed a naga mage
  4175 | D        | Noticed a naga warrior
  4175 | D        | Killed a naga warrior
  4176 | D        | Noticed a guardian serpent
  4176 | D        | Killed a naga warrior
  4176 | D        | Killed a guardian serpent
  4176 | D        | Killed a guardian serpent
  4176 | D        | Killed an anaconda
  4177 | D        | Noticed a black mamba
  4177 | D        | Noticed a naga warrior
  4177 | D        | Noticed a naga
  4177 | D        | Noticed a naga mage
  4178 | D        | Noticed a naga mage
  4179 | D        | Killed a guardian serpent
  4179 | D        | Killed a black mamba
  4179 | D        | Killed a naga
  4179 | D        | Killed a naga warrior
  4180 | D        | Killed a naga warrior
  4181 | D        | Killed a naga warrior
  4182 | D        | Killed a naga mage
  4183 | D        | Killed a naga mage
  4183 | D        | Killed a naga mage
  4196 | D        | Got the amulet of Order {Faith Dex+3 SInv}
  4229 | D        | Gained mutation: You can exhale a cloud of poison. [mutagenic meat]
  4230 | D        | Gained mutation: You have difficulty communicating with the divine. [mutagenic meat]
  4231 | D        | Gained mutation: You are somewhat resistant to further mutation. [mutagenic meat]
  4235 | D        | Gained mutation: Your spells are a little harder to cast, but a little more powerful. [mutagenic meat]
  4237 | D        | Gained mutation: Your flesh is heat resistant. [mutagenic meat]
  4238 | D        | Gained mutation: You have a pair of small horns on your head. [mutagenic meat]
  4605 | D        | Entered arena 27.
  4629 | D        | Noticed a ghost crab
  4629 | D        | Noticed an anaconda
  4629 | D        | Noticed a draconian
  4629 | D        | a ghost crab changed into a trapdoor spider
  4630 | D        | Noticed a sea snake
  4630 | D        | Noticed a deep troll
  4630 | D        | Noticed a swamp dragon
  4630 | D        | Noticed a wolf spider
  4630 | D        | Noticed a shard shrike
  4630 | D        | Noticed an iguana
  4630 | D        | Noticed a swamp dragon
  4630 | D        | Noticed a sea snake
  4630 | D        | a shard shrike changed into an iron dragon
  4630 | D        | Noticed a caustic shrike
  4630 | D        | an iron dragon changed into a caustic shrike
  4630 | D        | an anaconda changed into a giant leech
  4630 | D        | a sea snake changed into a merfolk
  4630 | D        | a sea snake changed into a shock serpent
  4630 | D        | a wolf spider changed into a slime creature
  4630 | D        | Noticed a shock serpent
  4631 | D        | Noticed a torpor snail
  4631 | D        | a torpor snail changed into a swamp dragon
  4631 | D        | an iguana changed into a sky beast
  4632 | D        | Identified a +3 rod of clouds (12/12) (You took it off a naga in the Dungeon)
  4633 | D        | Noticed a shard shrike
  4633 | D        | a shard shrike changed into an iron dragon
  4633 | D        | a caustic shrike changed into an acid blob
  4633 | D        | a shock serpent changed into a glowing shapeshifter
  4633 | D        | Noticed a basilisk
  4634 | D        | Noticed a golden dragon
  4634 | D        | an iron dragon changed into a golden dragon
  4635 | D        | Killed a draconian
  4635 | D        | Killed a deep troll
  4635 | D        | Killed a basilisk
  4635 | D        | Killed a swamp dragon
  4636 | D        | a golden dragon changed into an iron troll
  4637 | D        | Noticed a mana viper
  4639 | D        | Noticed a golden dragon
  4639 | D        | an iron dragon changed into a golden dragon
  4640 | D        | a mana viper changed into a sky beast
  4641 | D        | a golden dragon changed into a quicksilver dragon
  4642 | D        | Noticed a golden dragon
  4646 | D        | a golden dragon changed into a stone giant
  4702 | D        | Got the Orb of Zot
  5173 | D        | Noticed Riyc the pandemonium lord
  5177 | D        | Killed Riyc the pandemonium lord
  5239 | D        | Noticed a Brimstone Fiend
  5242 | D        | Killed a Brimstone Fiend
  5242 | D        | Reached skill level 27 in Shields
  5700 | D        | Reached XP level 19. HP: 189/189 MP: 41/41
  8183 | D        | Noticed Yrad the pandemonium lord
  8187 | D        | Killed Yrad the pandemonium lord
  8196 | D        | Escaped with the Orb!

Action                   |  1- 3 |  4- 6 |  7- 9 | 10-12 | 13-15 | 16-18 | 19-21 || total
-------------------------+-------+-------+-------+-------+-------+-------+-------++-------
Melee: Broad axe         |     4 |     4 |    15 |    23 |    74 |   106 |    23 ||   249
Throw: Throwing net      |       |       |       |       |     1 |       |       ||     1
Invok: Slouch            |       |       |     1 |     8 |    24 |    30 |     2 ||    65
       Bend Time         |       |       |       |     1 |       |       |       ||     1
 Abil: Evoke Flight      |       |       |       |       |       |     2 |     1 ||     3
       Breathe Poison Ga |       |       |       |       |       |     1 |       ||     1
Evoke: Lamp of fire      |       |       |       |       |     2 |     1 |     2 ||     5
       Phial of floods   |       |       |       |       |     3 |     9 |     3 ||    15
       Deck              |       |       |       |       |     1 |     4 |       ||     5
       Stone of tremors  |       |       |       |       |     1 |       |     1 ||     2
       Fan of gales      |       |       |       |       |       |     2 |     1 ||     3
       Wand              |       |       |       |       |       |     6 |       ||     6
       Rod               |       |       |       |       |       |     1 |       ||     1
  Use: Potion            |     1 |       |       |       |     5 |    13 |     4 ||    23
       Scroll            |       |       |       |       |     2 |     3 |       ||     5
 Stab: Distracted        |       |       |       |       |     4 |     1 |     2 ||     7
  Eat: Fruit             |       |       |       |     1 |     1 |       |       ||     2
       Chunk             |       |       |       |       |    19 |    10 |       ||    29
       Royal jelly       |       |       |       |       |     3 |       |       ||     3
       Meat ration       |       |       |       |       |       |     3 |       ||     3
